[Event "Titled Tuesday Blitz September 27 Early 2022"]
[White "Tologon tegin, Semetei"]
[Black "Amgalantengis, Enkh-Amgalan"]
[WhiteFideId "13800574"]
[BlackFideId "4903536"]
[WhiteElo "2174"]
[BlackElo "1719"]
[Result "1-0"]
[Round "05"]
[TimeControl "180+1"]
[Date "2022.09.27"]
[WhiteClock "0:00:48"]
[BlackClock "0:00:02"]

1. Nf3 d5 2. g3 Nf6 3. Bg2 Bf5 4. O-O e6 5. d3 h6 6. Nbd2 Bh7 7. Qe1 c6 8. e4 Be7 9. Qe2 O-O 10. b3 Na6 11. Bb2 Nb4 12. Rfc1 Qc7 13. a3 Na6 14. b4 c5 15. b5 Nb8 16. c4 d4 17. a4 Nbd7 18. a5 e5 19. Nh4 b6 20. Nf5 Rfe8 21. axb6 Nxb6 22. Ra6 Bf8 23. Rca1 Nfd7 24. Nb3 Re6 25. Bc1 Ree8 26. Bd2 Nb8 27. R6a3 N8d7 28. h4 Re6 29. h5 Ree8 30. Na5 Re6 31. Nc6 Rxc6 32. bxc6 Qxc6 33. Rxa7 Rxa7 34. Rxa7 Qc8 35. Qg4 Qb8 36. Nxh6+ Kh8 37. Nxf7+ Kg8 38. Rxd7 Nxd7 39. Qxd7 Qb1+ 40. Bf1 Qd1 41. Ng5 Qxh5 42. Qe6+ Kh8 43. Nf7+ Kg8 44. Nxe5+ Kh8 45. Nf7+ Kg8 46. Ng5+ Kh8 47. Qc8 Kg8 48. Bh3 1-0


[Site "https://www.chess.com"]

[Event "Titled Tuesday Blitz September 27 Early 2022"]
[White "Toncheva, Nadya"]
[Black "Tari, Aryan"]
[WhiteFideId "2924056"]
[BlackFideId "1510045"]
[WhiteElo "1888"]
[BlackElo "2612"]
[Result "0-1"]
[Round "05"]
[TimeControl "180+1"]
[Date "2022.09.27"]
[WhiteClock "0:00:05"]
[BlackClock "0:00:21"]

1. e4 b6 2. d4 Bb7 3. Bd3 d6 4. f4 Nd7 5. Nf3 e6 6. O-O Ngf6 7. Qe2 c5 8. c3 Be7 9. Nbd2 O-O 10. e5 Nd5 11. Ne4 Qc7 12. Nfg5 g6 13. Qg4 cxd4 14. Qh3 h5 15. Nxe6 Qc6 16. Nxd4 Qc8 17. exd6 Bf6 18. f5 Ne5 19. Bb1 Ng4 20. Kh1 Bxd4 21. cxd4 Qc4 22. Bd3 Qxd4 23. Bg5 Nde3 24. Nf6+ Nxf6 25. Qxe3 Qd5 26. Rf2 Ng4 27. Qg3 Qxd3 28. Rf3 Bxf3 29. gxf3 Ne5 30. Qxe5 Qxf3+ 31. Kg1 Qg4+ 32. Qg3 Qxf5 33. Bh6 Rfe8 34. Rf1 Qc5+ 35. Kh1 Re2 36. d7 Qd5+ 37. Kg1 Qd4+ 38. Kh1 Qxd7 39. Qf3 Rae8 40. Qf6 Qd5+ 41. Rf3 Qd1+ 42. Rf1 Qxf1+ 43. Qxf1 Re1 44. Kg2 Rxf1 45. Kxf1 Rc8 0-1


[Site "https://www.chess.com"]

[Event "Titled Tuesday Blitz September 27 Early 2022"]
[White "Urazayev, Arystanbek"]
[Black "Jeet, Jain"]
[WhiteFideId "13709810"]
[BlackFideId "5073022"]
[WhiteElo "2789"]
[BlackElo "2619"]
[Result "1-0"]
[Round "05"]
[TimeControl "180+1"]
[Date "2022.09.27"]
[WhiteClock "0:00:56"]
[BlackClock "0:00:07"]

1. e4 d5 2. exd5 Qxd5 3. Nc3 Qd6 4. d4 Nf6 5. Nf3 a6 6. Ne5 Nc6 7. Bf4 Qxd4 8. Nxc6 Qxd1+ 9. Rxd1 bxc6 10. Bxc7 Bf5 11. g4 Bxg4 12. Bg2 Bd7 13. Na4 Rc8 14. Bg3 e5 15. Bxe5 Bb4+ 16. c3 Ba5 17. Nc5 Bf5 18. Nb7 O-O 19. Nxa5 Rfe8 20. f4 Ng4 21. O-O Ne3 22. Nxc6 Nxf1 23. Kxf1 f6 24. Bd6 Kf7 25. Ne7 Rxe7 26. Bxe7 Kxe7 27. Kf2 Rb8 28. b3 a5 29. Rd5 Be6 30. Rxa5 Rd8 31. Ra7+ Kf8 32. Ke3 Rd1 33. b4 Rg1 34. Bf3 Re1+ 35. Kf2 Rc1 36. b5 Rxc3 37. b6 Rc2+ 38. Ke1 Rb2 39. Ra8+ Kf7 40. b7 1-0


[Site "https://www.chess.com"]

[Event "Titled Tuesday Blitz September 27 Early 2022"]
[White "Vachylia, Andrii"]
[Black "Gareyev, Timur"]
[WhiteFideId "14137224"]
[BlackFideId "14200937"]
[WhiteElo "2318"]
[BlackElo "2552"]
[Result "1-0"]
[Round "05"]
[TimeControl "180+1"]
[Date "2022.09.27"]
[WhiteClock "0:00:05"]
[BlackClock "0:00:22"]

1. e4 d6 2. d4 g6 3. Nc3 a6 4. Nf3 Bg7 5. Be3 Nd7 6. Bd3 e6 7. O-O Ne7 8. a4 b6 9. Re1 Bb7 10. Qd2 h6 11. Rad1 g5 12. h3 Nf6 13. e5 Nfd5 14. Nxd5 Bxd5 15. Qe2 Bb7 16. c4 Qd7 17. Bd2 d5 18. b3 Rg8 19. a5 Bf8 20. Nh2 Nc6 21. Ng4 Be7 22. axb6 cxb6 23. Nxh6 Rh8 24. Ng4 Nxd4 25. Qe3 Nxb3 26. Qxb6 Nxd2 27. Rxd2 dxc4 28. Rb1 Bxg2 29. Kxg2 cxd3 30. Rbd1 Qd5+ 31. f3 Rxh3 32. Kxh3 Qxf3+ 33. Kh2 Qf4+ 34. Kh3 Qf3+ 35. Kh2 Qxg4 36. Qc6+ Kf8 37. Qxa8+ Kg7 38. Rxd3 Qf4+ 39. Kg2 g4 40. Qc6 Bh4 41. R1d2 Be1 42. Re2 Bh4 43. Qe4 Qg5 44. Rd4 Kf8 45. Qxg4 1-0


[Site "https://www.chess.com"]

[Event "Titled Tuesday Blitz September 27 Early 2022"]
[White "Vagman, Roy"]
[Black "Korelskiy, Egor"]
[WhiteFideId "2828995"]
[BlackFideId "34329064"]
[WhiteElo "1945"]
[BlackElo "2071"]
[Result "1-0"]
[Round "05"]
[TimeControl "180+1"]
[Date "2022.09.27"]
[WhiteClock "0:00:32"]
[BlackClock "0:00:37"]

1. e4 c5 2. Nf3 e6 3. d4 cxd4 4. Nxd4 a6 5. Nc3 Qc7 6. g3 b5 7. Bg2 Bb7 8. O-O Nc6 9. Be3 Nf6 10. h3 Ne5 11. a3 Nc4 12. Bc1 d6 13. Kh2 Be7 14. Nde2 O-O 15. b3 Ne5 16. Bb2 Rac8 17. f4 Ned7 18. Qd2 Rfd8 19. Qe3 d5 20. exd5 Bc5 21. Qd2 exd5 22. Nd4 Ne4 23. Nxe4 dxe4 24. Nf5 e3 25. Qc3 Bf8 26. Nh6+ Kh8 27. Nxf7+ Kg8 28. Qxc7 Rxc7 29. Nxd8 Rxc2 30. Nxb7 Rxb2 31. Rfe1 e2 32. Bd5+ Kh8 33. Bf3 Rxb3 34. Bxe2 Rb2 35. Kh1 Nf6 36. Bf3 Rb3 37. Kg2 Bxa3 38. Rad1 h5 39. Nd6 Rb2+ 40. Re2 Rb3 41. Nf7+ Kg8 42. Ng5 Kf8 43. Rd8+ 1-0


[Site "https://www.chess.com"]

[Event "Titled Tuesday Blitz September 27 Early 2022"]
[White "Valle Maytin, Luis Enrique"]
[Black "Shashikant, Kutwal"]
[WhiteFideId "3503666"]
[BlackFideId "5006520"]
[WhiteElo "2225"]
[BlackElo "2321"]
[Result "0-1"]
[Round "05"]
[TimeControl "180+1"]
[Date "2022.09.27"]
[WhiteClock "0:00:12"]
[BlackClock "0:00:17"]

1. e4 c5 2. Nf3 d6 3. d4 cxd4 4. Nxd4 Nf6 5. Nc3 Nc6 6. Bg5 e6 7. f4 Be7 8. Qd2 h6 9. Bxf6 Bxf6 10. Nxc6 bxc6 11. O-O-O d5 12. exd5 cxd5 13. Bb5+ Bd7 14. Bxd7+ Qxd7 15. f5 O-O 16. h4 Rfc8 17. fxe6 fxe6 18. Rh3 Rab8 19. Rf1 Qb7 20. Rxf6 gxf6 21. Rg3+ Kh7 22. Qd3+ f5 23. Qe3 Qxb2+ 24. Kd1 Qb6 25. Qe5 Rg8 26. Ne2 Rxg3 27. Nxg3 Qg1+ 28. Kd2 Qxg2+ 29. Ne2 Re8 30. Qf6 Qg7 31. Qxg7+ Kxg7 32. Nf4 d4 33. Kd3 e5 34. Nh5+ Kg6 35. Ng3 Rd8 36. Ne2 e4+ 37. Kd2 d3 38. Nf4+ Kf6 39. cxd3 exd3 40. Nxd3 f4 41. Ke2 Rxd3 42. Kxd3 Kf5 43. Ke2 Kg4 44. Kf2 Kxh4 45. Kf3 Kg5 46. a4 Kf5 47. a5 a6 48. Kf2 Kg4 49. Ke2 f3+ 50. Kf2 Kf4 51. Kf1 Kg3 52. Ke1 f2+ 53. Kf1 h5 54. Ke2 Kg2 55. Ke3 f1=Q 56. Ke4 0-1


[Site "https://www.chess.com"]

[Event "Titled Tuesday Blitz September 27 Early 2022"]
[White "Vargas, Mauricio"]
[Black "Umarov, Sabir"]
[WhiteFideId "4404572"]
[BlackFideId "14200538"]
[WhiteElo "2004"]
[BlackElo "2355"]
[Result "0-1"]
[Round "05"]
[TimeControl "180+1"]
[Date "2022.09.27"]
[WhiteClock "0:00:12"]
[BlackClock "0:01:33"]

1. e4 g6 2. Nc3 Bg7 3. f4 c6 4. Nf3 d5 5. e5 f6 6. d3 Bg4 7. Be2 Bxf3 8. exf6 Nxf6 9. Bxf3 O-O 10. O-O d4 11. Ne2 Nd5 12. Qe1 Ne3 13. Bxe3 dxe3 14. c3 Qxd3 15. Rd1 Qc2 16. Rb1 Na6 17. Nd4 Bxd4 18. cxd4 Qd2 19. Qh4 Qxd4 20. Qxe7 e2+ 21. Rf2 Rae8 0-1


[Site "https://www.chess.com"]

[Event "Titled Tuesday Blitz September 27 Early 2022"]
[White "Visakh N R"]
[Black "Goncalves, Davi Sulzbacher"]
[WhiteFideId "25012223"]
[BlackFideId "2154510"]
[WhiteElo "2448"]
[BlackElo "2107"]
[Result "1-0"]
[Round "05"]
[TimeControl "180+1"]
[Date "2022.09.27"]
[WhiteClock "0:00:19"]
[BlackClock "0:00:02"]

1. c4 d6 2. Nc3 g6 3. g3 Bg7 4. Bg2 e5 5. Nf3 Nf6 6. d4 exd4 7. Nxd4 O-O 8. O-O Re8 9. b3 Nbd7 10. Bb2 Ne5 11. Qd2 h5 12. h3 Kh7 13. Rfe1 Bd7 14. Nd5 c6 15. Nxf6+ Qxf6 16. f4 c5 17. Nb5 Nf3+ 18. Bxf3 Qxb2 19. Qxb2 Bxb2 20. Rad1 Bxb5 21. cxb5 Bd4+ 22. Kg2 Re3 23. Rd3 Rae8 24. Red1 b6 25. Rxd4 cxd4 26. Rxd4 R8e6 27. Kf2 Rc3 28. a4 Rc2 29. g4 h4 30. f5 gxf5 31. gxf5 Rf6 32. Rxh4+ Kg7 33. Rf4 Rc3 34. Bd5 Rxh3 35. e4 Rfh6 36. Ke2 Kf6 37. Rg4 Rh2+ 38. Kd3 R6h3+ 39. Kc4 Rc2+ 40. Kb4 Re3 41. Rg8 Ke5 42. Re8+ Kd4 43. Re7 f6 44. Rxa7 Rc5 45. Ra6 Kd3 46. Rxb6 Kc2 47. Rxd6 1-0


[Site "https://www.chess.com"]

[Event "Titled Tuesday Blitz September 27 Early 2022"]
[White "Wagner, Dennis"]
[Black "Howell, David W L"]
[WhiteFideId "24650684"]
[BlackFideId "410608"]
[WhiteElo "2355"]
[BlackElo "2559"]
[Result "1/2-1/2"]
[Round "05"]
[TimeControl "180+1"]
[Date "2022.09.27"]
[WhiteClock "0:00:15"]
[BlackClock "0:00:10"]

1. e4 g6 2. d4 Bg7 3. Nc3 c6 4. f4 d5 5. e5 Nh6 6. Nf3 O-O 7. Be3 Bg4 8. h3 Bxf3 9. Qxf3 f6 10. Qd1 Qb6 11. Na4 Qa5+ 12. c3 fxe5 13. fxe5 Nd7 14. b4 Qc7 15. Qd2 Nf5 16. Bf4 e6 17. Be2 a5 18. Nc5 Nxc5 19. bxc5 b6 20. cxb6 Qxb6 21. O-O c5 22. Rab1 Qa7 23. g4 Ne7 24. Be3 a4 25. Kg2 Nc6 26. Bb5 Rfc8 27. dxc5 Bxe5 28. c4 d4 29. Bh6 Qxc5 30. Qf2 Qe7 31. Qf3 Na5 32. Rbe1 Bg7 33. Bxg7 Kxg7 34. Qf4 Nxc4 35. Qxd4+ e5 36. Qe4 Nd6 37. Qxe5+ Qxe5 38. Rxe5 Nxb5 39. Rxb5 Rc2+ 40. Rf2 Rxf2+ 41. Kxf2 Ra7 42. Rb4 Kf6 43. Kg3 Ke5 44. a3 g5 45. h4 gxh4+ 46. Kxh4 Kf6 47. Kh5 Kg7 48. g5 Kg8 49. Rc4 Kg7 50. Rb4 Kg8 51. g6 hxg6+ 52. Kxg6 Kf8 53. Kf6 Ke8 54. Ke6 Kd8 55. Kd6 Kc8 56. Kc6 Ra6+ 57. Kb5 Ra7 58. Rxa4 Rxa4 59. Kxa4 Kb7 60. Kb5 Ka8 61. a4 Kb8 62. a5 Ka8 63. a6 Kb8 64. Kb6 Ka8 65. a7 1/2-1/2


[Site "https://www.chess.com"]

[Event "Titled Tuesday Blitz September 27 Early 2022"]
[White "Weetik, Vjacheslav"]
[Black "Makhnev, Denis"]
[WhiteFideId "4153472"]
[BlackFideId "13707647"]
[WhiteElo "2469"]
[BlackElo "2486"]
[Result "0-1"]
[Round "05"]
[TimeControl "180+1"]
[Date "2022.09.27"]
[WhiteClock "0:00:02"]
[BlackClock "0:00:13"]

1. d4 Nf6 2. c4 e6 3. g3 Bb4+ 4. Bd2 Be7 5. Bg2 d5 6. Nf3 c6 7. O-O b6 8. Qc2 O-O 9. Rd1 Nbd7 10. Bf4 Nh5 11. Bd2 Nhf6 12. Bf4 Bb7 13. Nc3 dxc4 14. e4 b5 15. b3 b4 16. Na4 c3 17. Ne1 a5 18. Nd3 Qc8 19. Nac5 Rd8 20. h4 h6 21. e5 Nd5 22. Qe2 Nxc5 23. dxc5 Ba6 24. Qg4 c2 25. Rd2 Nxf4 26. Nxf4 Rxd2 27. Nh5 Qf8 28. Be4 Rad8 29. Kg2 Bd3 30. Bf3 Bf5 0-1


[Site "https://www.chess.com"]

[Event "Titled Tuesday Blitz September 27 Early 2022"]
[White "Winkels, Marcel"]
[Black "Zheenbekov, Nurgazy"]
[WhiteFideId "1003887"]
[BlackFideId "13800485"]
[WhiteElo "1900"]
[BlackElo "1932"]
[Result "0-1"]
[Round "05"]
[TimeControl "180+1"]
[Date "2022.09.27"]
[WhiteClock "0:00:03"]
[BlackClock "0:01:14"]

1. d4 Nf6 2. Nc3 d5 3. Bf4 e6 4. e3 a6 5. Qf3 Bd6 6. Qg3 Nh5 7. Qg4 Nxf4 8. exf4 Qf6 9. O-O-O Qxf4+ 10. Qxf4 Bxf4+ 11. Kb1 O-O 12. g3 Bd6 13. f4 b5 14. Nf3 Bb7 15. Ne5 c5 16. dxc5 Bxc5 17. Bg2 Bd6 18. Rhe1 Bxe5 19. Rxe5 Nc6 20. Ree1 Rad8 21. Ne2 Rfe8 22. c3 f6 23. Nc1 Na5 24. Nd3 Nc4 25. Nc5 Bc8 26. f5 exf5 27. Rxe8+ Rxe8 28. Bxd5+ Kf8 29. b3 Ne3 30. Rd2 Rd8 31. c4 bxc4 0-1


[Site "https://www.chess.com"]

[Event "Titled Tuesday Blitz September 27 Early 2022"]
[White "Winterberg, Lukas"]
[Black "Rostovtsev, Dmitry"]
[WhiteFideId "24622702"]
[BlackFideId "34278320"]
[WhiteElo "2584"]
[BlackElo "2751"]
[Result "0-1"]
[Round "05"]
[TimeControl "180+1"]
[Date "2022.09.27"]
[WhiteClock "0:00:03"]
[BlackClock "0:00:02"]

1. d4 Nf6 2. Nf3 e6 3. c4 b6 4. g3 Ba6 5. b3 Bb4+ 6. Bd2 Be7 7. Bg2 c6 8. Bc3 d5 9. O-O O-O 10. Ne5 Nfd7 11. Nd3 dxc4 12. Nb4 cxb3 13. Nxa6 Nxa6 14. Bxc6 Rb8 15. axb3 Nb4 16. Bxb4 Bxb4 17. Rxa7 Nf6 18. e3 b5 19. Bg2 Qb6 20. Ra2 Rfd8 21. Qd3 e5 22. d5 Rbc8 23. Rd1 Ne8 24. Rc2 Nd6 25. Nd2 Rxc2 26. Qxc2 Rc8 27. Qd3 Bxd2 28. Qxd2 Qc5 29. h3 b4 30. Qe2 Qc3 31. Qa6 Qc5 32. Kh2 h5 33. Qe2 g6 34. Ra1 Qc2 35. Qf3 f5 36. Ra6 Qc5 37. g4 hxg4 38. hxg4 Kg7 39. gxf5 Rh8+ 40. Kg1 Nxf5 41. Qe4 Qc3 42. Ra7+ Kf6 43. Ra6+ Kg7 44. Qg4 Qe1+ 45. Bf1 Rh1+ 46. Kxh1 Qxf1+ 47. Kh2 Qxa6 48. e4 Nd4 49. Qd7+ Kh6 50. Qh3+ Kg5 51. Qg3+ Kf6 52. Qh4+ Kf7 53. Qh7+ Kf6 54. Qh8+ Kf7 55. Qxe5 Nf3+ 0-1


[Site "https://www.chess.com"]

[Event "Titled Tuesday Blitz September 27 Early 2022"]
[White "Yilmaz, Mustafa"]
[Black "Tomaszewski, Kacper"]
[WhiteFideId "6302718"]
[BlackFideId "1127373"]
[WhiteElo "2568"]
[BlackElo "2133"]
[Result "0-1"]
[Round "05"]
[TimeControl "180+1"]
[Date "2022.09.27"]
[WhiteClock "0:00:02"]
[BlackClock "0:00:12"]

1. e4 c6 2. Nf3 d5 3. d3 dxe4 4. dxe4 Qxd1+ 5. Kxd1 Nd7 6. Nfd2 f5 7. exf5 Ndf6 8. f3 Bxf5 9. Bd3 Bxd3 10. cxd3 O-O-O 11. Ke2 Nd5 12. Ne4 Ngf6 13. Na3 e6 14. Nc4 Nb4 15. Ne5 Rg8 16. Rd1 Be7 17. Bd2 Nc2 18. Rac1 Nd4+ 19. Kf1 Nd7 20. Nc4 Nf6 21. Be3 Kb8 22. Rc3 Nf5 23. Bf4+ Ka8 24. Rcc1 Nd5 25. Bd2 b5 26. Ne5 Nfe3+ 27. Bxe3 Nxe3+ 28. Ke2 Nxd1 29. Kxd1 Bf6 30. Nxc6 Rxd3+ 31. Ke2 Rd7 32. Nc5 Rd6 33. Ne4 Rd7 34. Nc5 Rc7 35. Na6 Rcc8 36. Rc2 Kb7 37. Nab4 a5 38. Nxa5+ Kb6 39. Nac6 Rc7 40. b3 Rgc8 41. a4 Rxc6 42. a5+ Kb7 43. a6+ Kb6 44. Rxc6+ Rxc6 45. a7 Rc8 0-1


[Site "https://www.chess.com"]

[Event "Titled Tuesday Blitz September 27 Early 2022"]
[White "Zaichenko, Daria"]
[Black "Matt, Fabian"]
[WhiteFideId "4197453"]
[BlackFideId "1623303"]
[WhiteElo "2039"]
[BlackElo "2287"]
[Result "0-1"]
[Round "05"]
[TimeControl "180+1"]
[Date "2022.09.27"]
[WhiteClock "0:00:01"]
[BlackClock "0:00:04"]

1. e4 c6 2. d4 d5 3. Nd2 dxe4 4. Nxe4 Bf5 5. Ng3 Bg6 6. h4 h6 7. h5 Bh7 8. Nf3 Nd7 9. Bd3 Bxd3 10. Qxd3 Ngf6 11. Bd2 e6 12. O-O-O Qc7 13. Ne4 O-O-O 14. Kb1 Nxe4 15. Qxe4 Bd6 16. c4 Nf6 17. Qc2 Bf4 18. Bc3 Kb8 19. g3 Bd6 20. c5 Be7 21. Ne5 Rhf8 22. Qa4 Nd5 23. Ba5 Qc8 24. Bxd8 Rxd8 25. Rd3 Bf6 26. Ra3 a6 27. Nc4 Qc7 28. Rb3 Bxd4 29. Nd6 Bxc5 30. Rxb7+ Qxb7 31. Nxb7 Kxb7 32. Rc1 Bb6 33. Qxc6+ Ka7 34. a4 a5 35. Qb5 Nb4 36. Qe5 Rd2 37. Rc7+ Ka8 38. Rc8+ Kb7 39. Qb8+ Ka6 40. Qa8+ Ba7 41. Rc6+ Nxc6 42. Qxc6+ Bb6 43. b4 axb4 44. Qb5+ Ka7 45. a5 Bd4 46. Kc1 Rxf2 47. Qxb4 Rf1+ 48. Kc2 Rf2+ 49. Kd3 e5 50. Qb5 Rf3+ 51. Ke4 Re3+ 52. Kd5 Rc3 53. Qd7+ Ka6 54. Qd8 Rc5+ 55. Ke4 Rxa5 56. Qd6+ Kb5 57. Qd5+ Ka4 58. Qxf7 Rb5 59. Qa2+ Kb4 60. Qd2+ Kc5 61. Qc2+ Kd6 62. Qc4 Rc5 63. Qf7 Rc7 64. Qf8+ Ke6 65. Qf5+ Kd6 66. Qg6+ Kc5 67. Qa6 Rc6 68. Qa5+ Kd6 69. Qd5+ Kc7 70. Qf7+ Kb6 71. Qxg7 Rd6 72. Qe7 Rc6 0-1


[Site "https://www.chess.com"]

[Event "Titled Tuesday Blitz September 27 Early 2022"]
[White "Zelbel, Patrick"]
[Black "Martinez Alcantara, Jose Eduardo"]
[WhiteFideId "24624322"]
[BlackFideId "3805662"]
[WhiteElo "2474"]
[BlackElo "2703"]
[Result "1-0"]
[Round "05"]
[TimeControl "180+1"]
[Date "2022.09.27"]
[WhiteClock "0:00:15"]
[BlackClock "0:00:07"]

1. e4 e5 2. f4 exf4 3. Nf3 d5 4. exd5 Nf6 5. Nc3 c6 6. dxc6 Nxc6 7. Bb5 Bd6 8. Qe2+ Be7 9. d3 Qd6 10. O-O O-O 11. Bxc6 bxc6 12. Bxf4 Qxf4 13. Qxe7 Be6 14. Rae1 Qb8 15. b3 Qb6+ 16. Kh1 Rfe8 17. Qd6 Rad8 18. Qg3 Qa5 19. Ne4 Nxe4 20. Rxe4 Qxa2 21. Nd4 Bd5 22. Nf5 g6 23. Ne7+ Rxe7 24. Rxe7 Qxc2 25. Rxa7 Qxb3 26. h4 Be6 27. Rf3 Qd5 28. Re3 Qf5 29. Re7 Qf6 30. Rc7 Rd4 31. Re4 Qf1+ 32. Kh2 Rxd3 33. Rc8+ Bxc8 34. Re8+ Kg7 35. Qe5+ Qf6 36. Rg8+ Kxg8 37. Qxf6 Be6 38. Qe5 Rd5 39. Qb8+ Kg7 40. Qb2+ Kf8 41. Qb8+ Ke7 42. Qb7+ Bd7 43. Qb4+ Ke8 44. Qe4+ Be6 45. Qa4 Kd7 46. Qa7+ Kd6 47. Qa3+ c5 48. Qa6+ Ke5 49. Qe2+ Kd4 50. Qf2+ Kc3 51. Qe3+ Kb4 52. Qe1+ Kb5 53. Qb1+ Kc6 54. Qe4 h5 55. Qa4+ Kb6 56. Qb3+ Kc7 57. Qa3 c4 58. Qa7+ Kc6 59. Qa4+ Kc5 60. Qa5+ Kd6 61. Qb4+ Rc5 62. Qd2+ Kc6 63. Qc3 Bf5 64. Qf6+ Kb5 65. Qc3 Bd3 66. Qb2+ Kc6 67. Qc3 Bf5 68. Qf6+ Kd5 69. Qc3 Be6 70. Qf3+ Kd6 71. Qc3 g5 72. Kg3 gxh4+ 73. Kxh4 Rf5 74. Qd4+ Ke7 75. Qc3 Kd7 76. Kg3 Kc6 77. Kh2 Rc5 78. Qf3+ Kb5 79. Qc3 h4 80. Qb2+ Kc6 81. Qc3 h3 82. gxh3 Rh5 83. Qf3+ 1-0


[Site "https://www.chess.com"]

[Event "Titled Tuesday Blitz September 27 Early 2022"]
[White "Zenin, Dmitry"]
[Black "Rostomyan, Mikayel"]
[WhiteFideId "4127897"]
[BlackFideId "13313754"]
[WhiteElo "2215"]
[BlackElo "1426"]
[Result "1-0"]
[Round "05"]
[TimeControl "180+1"]
[Date "2022.09.27"]
[WhiteClock "0:00:21"]
[BlackClock "0:00:04"]

1. d4 Nf6 2. c4 c5 3. d5 b5 4. cxb5 a6 5. bxa6 e6 6. Nc3 exd5 7. Nxd5 Nxa6 8. e4 Nxd5 9. exd5 Nb4 10. Bc4 Qe7+ 11. Ne2 Qe4 12. Bb3 Qxg2 13. Rg1 Qe4 14. Rg3 Be7 15. d6 c4 16. Re3 Qh1+ 17. Kd2 Qxd1+ 18. Bxd1 Nd5 19. dxe7 Nxe3 20. Kxe3 Kxe7 21. Bd2 d5 22. Bb4+ Kd7 23. Nd4 Re8+ 24. Kd2 Kc7 25. Bf3 Be6 26. a3 Kb6 27. Rg1 g6 28. h4 Rad8 29. h5 Bc8 30. Rg5 Bb7 31. h6 f6 32. Rg1 Re5 33. Bc3 Rg5 34. Rxg5 fxg5 35. Ne6 Rd6 36. Nxg5 d4 37. Bb4 Rd7 38. Bxb7 Kxb7 39. Bf8 Kc6 40. Bg7 Kb5 41. Nxh7 Ka4 42. Nf6 Kb3 43. Nxd7 Kxb2 44. Bxd4+ Kxa3 45. h7 1-0


[Site "https://www.chess.com"]

[Event "Titled Tuesday Blitz September 27 Early 2022"]
[White "Zhigalko, Sergei"]
[Black "Vignesh, N R"]
[WhiteFideId "13502956"]
[BlackFideId "25012215"]
[WhiteElo "2662"]
[BlackElo "2363"]
[Result "1-0"]
[Round "05"]
[TimeControl "180+1"]
[Date "2022.09.27"]
[WhiteClock "0:01:35"]
[BlackClock "0:00:32"]

1. e4 c5 2. Nf3 d6 3. d4 cxd4 4. Qxd4 Nf6 5. Nc3 Nc6 6. Bb5 Bd7 7. Bxc6 Bxc6 8. Bg5 e6 9. O-O-O Be7 10. Rhe1 O-O 11. Kb1 Qa5 12. Qd2 Rfd8 13. Nd4 Rac8 14. f3 Be8 15. Nd5 Qxd2 16. Nxe7+ Kf8 17. Bxd2 Kxe7 18. Bb4 Rc4 19. Ba3 b5 20. b3 b4 21. bxc4 bxa3 22. Re3 Rc8 23. Rxa3 Rxc4 24. Rxa7+ Bd7 25. Rd3 g6 26. a4 e5 27. Nb5 Rc6 28. Rc3 Rxc3 29. Nxc3 Ke6 30. Nd5 1-0


[Site "https://www.chess.com"]

[Event "Titled Tuesday Blitz September 27 Early 2022"]
[White "Zilleruelo Irizarry, Diego"]
[Black "Yurovskykh, Oleksandr"]
[WhiteFideId "3101460"]
[BlackFideId "14134020"]
[WhiteElo "1998"]
[BlackElo "2303"]
[Result "1-0"]
[Round "05"]
[TimeControl "180+1"]
[Date "2022.09.27"]
[WhiteClock "0:00:17"]
[BlackClock "0:00:08"]

1. e4 d5 2. exd5 Qxd5 3. Nc3 Qd8 4. Nf3 Bg4 5. Be2 e6 6. d4 c6 7. Be3 Nf6 8. h3 Bh5 9. g4 Bg6 10. Ne5 Nbd7 11. Nxg6 hxg6 12. Qd2 Bb4 13. a3 Ba5 14. Bf3 Nd5 15. b4 Bc7 16. Nxd5 cxd5 17. c4 Nb6 18. c5 Nc4 19. Qe2 a5 20. b5 b6 21. c6 Qd6 22. Bc1 O-O-O 23. Qd3 e5 24. Bg2 e4 25. Qc3 f5 26. Bf1 fxg4 27. Bxc4 dxc4 28. Qxc4 gxh3 29. Be3 h2 30. Ke2 Qf6 31. d5 Qf3+ 32. Kd2 g5 33. Kc2 g4 34. Rad1 Rd6 35. Qc3 Rh7 36. Kb1 g3 37. fxg3 Qxg3 38. Bd4 Qxc3 39. Bxc3 g5 40. Be5 g4 41. Rxh2 Rxh2 42. Bxh2 Rh6 43. Bxc7 Kxc7 44. Rg1 Rg6 45. Kc2 Kd6 46. Kd2 Kxd5 47. Ke3 Kc5 48. Rc1+ Kd6 49. c7 Rg8 50. c8=Q Rxc8 51. Rxc8 1-0


[Site "https://www.chess.com"]

[Event "Titled Tuesday Blitz September 27 Early 2022"]
[White "Abdisalimov, Abdimalik"]
[Black "Moksh Amit Doshi"]
[WhiteFideId "14206323"]
[BlackFideId "25064967"]
[WhiteElo "2401"]
[BlackElo "2245"]
[Result "1-0"]
[Round "06"]
[TimeControl "180+1"]
[Date "2022.09.27"]
[WhiteClock "0:00:34"]
[BlackClock "0:00:02"]

1. d4 Nf6 2. c4 e6 3. Nc3 Bb4 4. e3 O-O 5. Bd3 d5 6. Ne2 dxc4 7. Bxc4 c5 8. a3 cxd4 9. exd4 Be7 10. O-O Nc6 11. Qd3 b6 12. Rd1 Bb7 13. Bg5 h6 14. Bh4 Nd5 15. Bg3 Bf6 16. Ne4 Nce7 17. Rac1 Nf5 18. Ba2 Nxg3 19. hxg3 Be7 20. Bb1 f5 21. Nd2 Rc8 22. Nf3 Bf6 23. Re1 Qd6 24. Rcd1 Rfe8 25. Ba2 Kh8 26. Qd2 Rc7 27. Nc1 Rce7 28. Nd3 Kh7 29. Nfe5 Bxe5 30. dxe5 Qd8 31. Bb3 b5 32. Nc5 Qb6 33. Nxb7 Qxb7 34. Bxd5 exd5 35. Qxd5 Qxd5 36. Rxd5 a6 37. f4 Re6 38. Rc1 Rb8 39. Rc7 b4 40. a4 b3 41. Rd4 a5 42. Kf2 h5 43. Rdd7 Rg6 44. Rc4 Rbb6 45. Rd5 Rg4 46. Rd6 Rb8 47. Kf3 Rb7 48. Rd5 Rb8 49. e6 Re8 50. Rxf5 1-0


[Site "https://www.chess.com"]

[Event "Titled Tuesday Blitz September 27 Early 2022"]
[White "Adewumi, Tanitoluwa"]
[Black "Ismayil, Malak"]
[WhiteFideId "30966396"]
[BlackFideId "13412604"]
[WhiteElo "2579"]
[BlackElo "1879"]
[Result "0-1"]
[Round "06"]
[TimeControl "180+1"]
[Date "2022.09.27"]
[WhiteClock "0:00:03"]
[BlackClock "0:00:05"]

1. Nf3 Nf6 2. b3 g6 3. Bb2 Bg7 4. e4 O-O 5. e5 Nd5 6. c4 Nb6 7. d4 d6 8. Nbd2 Nc6 9. exd6 exd6 10. Be2 Re8 11. O-O Bg4 12. h3 Bf5 13. a3 d5 14. c5 Nd7 15. b4 a6 16. Re1 Nf6 17. Ne5 Nxe5 18. dxe5 Ne4 19. Nf3 c6 20. Bf1 Ng5 21. Nd4 Bd7 22. f4 Ne6 23. Nxe6 Bxe6 24. Bd3 Qh4 25. Qf3 Rad8 26. Rad1 a5 27. Qf2 Qxf2+ 28. Kxf2 h5 29. Kf3 h4 30. Bd4 axb4 31. axb4 Bf8 32. Bf2 Be7 33. Ra1 Ra8 34. Reb1 Bd7 35. Be1 Kg7 36. Ra5 Rxa5 37. bxa5 Bc8 38. Bf2 f6 39. Bd4 fxe5 40. Bxe5+ Bf6 41. Bxf6+ Kxf6 42. Rb6 Re6 43. a6 bxa6 44. Rb8 Bd7 45. Rg8 Kf7 46. Rd8 Ke7 47. Ra8 d4 48. Rxa6 Re3+ 49. Kf2 Rxd3 50. Ra4 Kf6 51. Ke2 Re3+ 52. Kf2 Re4 53. Kf3 Re3+ 54. Kf2 Rb3 55. Rxd4 Be6 56. Rd6 Rb2+ 57. Kf3 Kf5 58. Rd8 Bd5+ 59. Ke3 Rxg2 60. Rf8+ Ke6 61. Rg8 Kf7 62. Rd8 Rg3+ 63. Kd4 Rxh3 64. Ke5 Re3+ 65. Kd4 Re4+ 66. Kd3 Rxf4 67. Rd7+ Kf6 68. Ke3 Re4+ 69. Kf2 Re6 70. Rh7 Kg5 71. Rh8 Kg4 72. Rh6 g5 73. Rh8 Rf6+ 74. Kg1 Rf3 75. Rd8 Kg3 76. Re8 Rc3 77. Re1 Rxc5 78. Re3+ Kg4 79. Re1 Kh5 80. Re5 Rc2 81. Kf1 Rh2 82. Kg1 Ra2 83. Kf1 Bf3 84. Kg1 h3 85. Kf1 h2 86. Rxg5+ Kxg5 87. Ke1 h1=Q# 0-1


[Site "https://www.chess.com"]

[Event "Titled Tuesday Blitz September 27 Early 2022"]
[White "Aguilar, Juan"]
[Black "Butti, Enrique"]
[WhiteFideId "3800091"]
[BlackFideId "3700470"]
[WhiteElo "2331"]
[BlackElo "2080"]
[Result "1-0"]
[Round "06"]
[TimeControl "180+1"]
[Date "2022.09.27"]
[WhiteClock "0:00:17"]
[BlackClock "0:01:17"]

1. d4 c5 2. d5 e5 3. Nc3 d6 4. e4 Be7 5. Nf3 h5 6. Bb5+ Kf8 7. a4 h4 8. h3 a6 9. Be2 Nf6 10. Be3 g6 11. Nd2 Nh5 12. Nc4 b6 13. a5 Nd7 14. axb6 Nxb6 15. Na5 Bd7 16. Nc6 Bxc6 17. dxc6 Qc7 18. Rxa6 Rxa6 19. Bxa6 Qxc6 20. Bb5 Qb7 21. O-O Kg7 22. Qe2 Ra8 23. b3 Nf6 24. Qd3 d5 25. exd5 Nbxd5 26. Nxd5 Nxd5 27. Bc4 Rd8 28. Qe4 Bf6 29. Rd1 1-0


[Site "https://www.chess.com"]